 Dungeon Crawl Stone Soup version 0.21-a0-193-g085b6a0 (webtiles) character file.

22636 4thArraOfDagon the Severer (level 13, -3/119 HPs)
             Began as a Hill Orc Warper on Aug 14, 2017.
             Succumbed to a ghost moth's poison
             ... on level 15 of the Dungeon.
             The game lasted 00:33:07 (7336 turns).

4thArraOfDagon the Severer (Hill Orc Warper)        Turns: 7336, Time: 00:33:08

Health: -3/119     AC: 21    Str: 18 (20) XL:     13   Next: 1%
Magic:  1/21       EV:  9    Int: 14 (17) God:    Xom [.*....]
Gold:   718        SH:  3    Dex:  7 (10) Spells: 15/15 levels left

rFire    . . .     SeeInvis .   a - +1 hand axe (elec)
rCold    + + .     Gourm    .   (no shield)
rNeg     . . .     Faith    .   q - +1 chain mail
rPois    .         Spirit   .   H - +2 helmet of Himmief {MR+ rCorr}
rElec    .         Reflect  +   (no cloak)
rCorr    +         Harm     .   I - +1 pair of gloves {archery}
MR       +....                  Q - +0 pair of boots
Stlth    ..........             P - +3 amulet of reflection
HPRegen  0.29/turn              L - ring of protection from cold
MPRegen  0.17/turn              B - +3 ring of protection

@: mighty, lethally poisoned (-3 -> -99)
A: talons 1, cold resistance 1, high mp 1, evolution 1, sturdy frame 1
a: Renounce Religion


You were on level 15 of the Dungeon.
You worshipped Xom.
You were a plaything of Xom.
You were not hungry.

You visited 1 branch of the dungeon, and saw 15 of its levels.
You also visited: Sewer.

You collected 718 gold pieces.

Inventory:

Hand Weapons
 a - a +1 hand axe of electrocution (weapon)
 N - a +0 blowgun
Missiles
 e - 2 tomahawks of dispersal (quivered)
 O - 4 curare-tipped needles
Armour
 b - a +0 leather armour
 q - a +1 chain mail (worn)
 s - the +3 shield of Listlessness {-Tele rF+ rCorr Dex+5}
   (You took it off an orc on level 10 of the Dungeon)

   It affects your dexterity (+5).
   It protects you from fire.
   It prevents most forms of teleportation.
   It protects you from acid and corrosion.
 x - a +0 pair of gloves
 H - the +2 helmet of Himmief (worn) {MR+ rCorr}
   (You found it on level 10 of the Dungeon)

   It affects your resistance to hostile enchantments.
   It protects you from acid and corrosion.
 I - a +1 pair of gloves of archery (worn)
 Q - a +0 pair of boots (worn)
Jewellery
 u - an uncursed ring of resist corrosion
 y - an uncursed amulet of inaccuracy
 A - an uncursed ring of stealth
 B - a +3 ring of protection (right hand)
 E - an uncursed amulet of guardian spirit
 J - an uncursed ring of positive energy {unknown}
 L - a ring of protection from cold (left hand)
 P - a +3 amulet of reflection (around neck)
Wands
 l - a wand of iceblast (10/15)
 n - a wand of paralysis (0/24)
 p - a wand of acid (3/15)
 C - a wand of digging (7/24)
Scrolls
 d - 3 scrolls of blinking
 h - a scroll of enchant armour
 m - 2 scrolls of silence
 r - 5 scrolls of remove curse
 v - 3 scrolls of fear
 w - 3 scrolls of enchant weapon
 D - 2 scrolls of amnesia
 U - a scroll of recharging {unknown}
Potions
 g - a potion of invisibility {unknown}
 i - 3 potions of mutation
 j - a potion of ambrosia {unknown}
 k - 2 potions of flight
 t - a potion of haste
 z - a potion of might
 G - a potion of brilliance
 M - 2 potions of cancellation {unknown}
 S - a potion of lignification {unknown}
Books
 c - a book of Spatial Translocations

   Spells                             Type                      Level
   a - Blink                          Translocation                2
   b - Shroud of Golubria             Charms/Translocation         2
   c - Lesser Beckoning               Translocation                3
   d - Gell's Gravitas                Translocation                3
   e - Teleport Other                 Translocation                3
   f - Passage of Golubria            Translocation                4
 R - a book of Necromancy

   Spells                             Type                      Level
   a - Pain                           Necromancy                   1
   b - Animate Skeleton               Necromancy                   1
   c - Vampiric Draining              Necromancy                   3
   d - Regeneration                   Charms/Necromancy            3
   e - Animate Dead                   Necromancy                   4
   f - Control Undead                 Necromancy                   4
Comestibles
 f - 9 bread rations
 o - a meat ration
 F - 2 royal jellies
 T - 3 fruits


   Skills:
 + Level 12.7 Fighting
 * Level 18.2 Axes
 - Level 0.8 Throwing
 + Level 6.3 Armour
 - Level 3.0 Dodging
 - Level 1.5 Spellcasting
   Level 2.4 Translocations
 - Level 8.6 Evocations


You had 15 spell levels left.
You didn't know any spells.

Dungeon Overview and Level Annotations

Branches:
Dungeon (15/15)              Lair (0/6) D:11            Orc (0/2) D:11
 Temple: D:4-7       Vaults: D:13-14     Depths: D:15

Altars:
Cheibriados
Okawaru
Qazlal
Uskayaw
Wu Jian
Xom
Zin
The Shining One

Shops:
D:11 }   D:13 (

Annotations:
D:2 Robin, Terence


Innate Abilities, Weirdness & Mutations

You have sharp toenails.
Your flesh is cold resistant. (rC+)
You have an increased reservoir of magic. (+10% MP)
You evolve.
Your movements are slightly less encumbered by armour. (ER -2)


Message History

* * * LOW HITPOINT WARNING * * *
You feel very sick.
Unknown command.
Unknown command.
You hit something but do no damage. Lightning courses through something!
Reactivating autopickup.
You have reached level 13!
You feel a bit more experienced.
* * * LOW HITPOINT WARNING * * *
You feel very sick.
Unknown command.
Okay, then.
Okay, then.
* * * LOW HITPOINT WARNING * * *
You feel extremely sick.
It was a potion of degeneration.
There was something very wrong with that liquid.
You feel weakened.
You feel dopey.
You feel clumsy.
You die...
Xom roars with laughter!

.................................
######........................#
#........<...............#
#........................#
#.......)................#
#........................#
#........................#
#........................#
#..........@.............#
######........................#
................†...............
................................
###############...######.....#
#...# .###.. #...# ## . #...#
#...# #.


There were no monsters in sight!

Vanquished Creatures
  A ghost moth (D:15)
  Erolcha (D:13)
  A hydra (D:13)
  A death yak (D:13)
  An ogre mage (D:14)
  6 two-headed ogres
  Sonja (D:13)
  A fire crab (shapeshifter) (D:15)
  2 unseen horrors
  A cyclops (D:11)
  4 ugly things (D:15)
  A centaur zombie (D:13)
  A gargoyle (D:15)
  2 komodo dragons (D:15)
  2 tengu conjurers (D:13)
  4 trolls
  2 hornets
  4 hippogriffs
  A centaur simulacrum (D:15)
  A water elemental (D:13)
  A wraith (D:11)
  A shadow (D:10)
  A yak (D:9)
  Menkaure (D:6)
  6 vampire mosquitoes
  A water moccasin (D:13)
  2 orc warriors
  An ice beast (D:10)
  A black bear (D:13)
  A hornet zombie (D:15)
  3 ogres
  2 phantoms
  A sky beast (D:11)
  2 eyes of draining
  5 centaurs
  Blork the orc (D:6)
  3 big kobolds (D:11)
  A crocodile (D:13)
  6 bullfrogs
  A scorpion (D:13)
  A wyvern skeleton (D:10)
  8 wights
  14 killer bees
  5 howler monkeys
  4 crimson imps
  A bullfrog zombie (D:9)
  2 jellies
  A quasit (D:10)
  2 orc priests
  A bullfrog skeleton (D:13)
  8 orc wizards
  4 worker ants
  2 iguanas
  A bullfrog simulacrum (D:13)
  A hound skeleton (D:6)
  2 howler monkey zombies
  6 adders
  2 shadow imps (D:8)
  2 white imps (D:13)
  2 ufetubi (D:13)
  An adder zombie (D:9)
  3 dart slugs
  10 leopard geckos
  43 orcs
  4 bats
  11 giant cockroaches
  9 goblins
  7 hobgoblins
  6 jackals
  20 kobolds
  A quokka (D:8)
  3 ball pythons
  6 frilled lizards (Sewer)
  7 rats
279 creatures vanquished.

Vanquished Creatures (collateral kills)
  The ghost of Multipenetrator the Basher, a journeyman GrGl of Cheibriados (D:12)
  Nergalle (D:12)
  A wolf spider zombie (D:14)
  An ugly thing (D:12)
  A gargoyle (D:12)
  A hungry ghost (D:12)
  A wolf (D:11)
  A bullfrog (D:6)
  2 killer bees (D:11)
  An orc (D:12)
  A quokka (D:12)
12 creatures vanquished.

Vanquished Creatures (others)
  2 jackals (D:11)
  A kobold (D:11)
3 creatures vanquished.

Grand Total: 294 creatures vanquished

Notes
Turn   | Place    | Note
-------+----------+-------------------------------------------
     0 | D:1      | 4thArraOfDagon the Hill Orc Warper began the quest for the Orb.
     0 | D:1      | Reached XP level 1. HP: 18/18 MP: 3/3
     8 | D:1      | Reached skill level 3 in Axes
    56 | D:1      | Reached XP level 2. HP: 22/25 MP: 4/4
   122 | D:2      | Noticed Robin
   144 | D:2      | Found a glowing silver altar of Zin.
   144 | D:2      | Noticed an angel
   145 | D:2      | Found an iron altar of Okawaru.
   187 | D:2      | Found a shimmering altar of Xom.
   249 | D:2      | Became a worshipper of Xom of Chaos
   292 | D:1      | Reached XP level 3. HP: 19/31 MP: 5/5
   411 | D:1      | XOM: divination: detect items
   480 | D:2      | Reached skill level 4 in Axes
   494 | D:2      | Noticed Terence
   527 | D:2      | XOM: harmless Conj miscast
   629 | D:3      | Reached XP level 4. HP: 7/38 MP: 6/6
   681 | D:3      | XOM is BORED!
   681 | D:3      | XOM: silly message
   870 | D:3      | Found a glowing drain.
   885 | Sewer    | Entered a sewer
   996 | Sewer    | XOM: potion effect (heal wounds)
  1080 | Sewer    | Noticed a bullfrog
  1091 | Sewer    | XOM: potion effect (brilliance)
  1096 | Sewer    | HP: 2/40 [bullfrog (5)]
  1101 | Sewer    | Killed a bullfrog
  1101 | Sewer    | Reached skill level 5 in Axes
  1101 | Sewer    | Reached XP level 5. HP: 24/46 MP: 7/7
  1293 | D:4      | XOM: divination: detect creatures
  1351 | D:5      | Entered Level 5 of the Dungeon
  1359 | D:5      | Reached XP level 6. HP: 38/52 MP: 8/8
  1522 | D:5      | Reached skill level 6 in Axes
  1594 | D:4      | XOM: harmless Conj miscast
  1789 | D:6      | XOM: cast spell 'Call Canine Familiar'
  1792 | D:6      | XOM: harmless Ice miscast
  1793 | D:6      | Reached skill level 1 in Evocations
  1888 | D:6      | Noticed Blork the orc
  1894 | D:6      | XOM: divination: detect items
  1898 | D:7      | XOM: summons friendly white imp
  1907 | D:6      | Killed Blork the orc
  1923 | D:6      | Reached XP level 7. HP: 26/60 MP: 9/9
  1972 | D:6      | XOM: destruction
  1983 | D:6      | Reached skill level 7 in Axes
  2032 | D:6      | Noticed Menkaure
  2033 | D:6      | XOM: cast spell 'Metabolic Englaciation'
  2041 | D:6      | Killed Menkaure
  2041 | D:6      | Reached skill level 5 in Fighting
  2086 | D:6      | XOM is BORED!
  2086 | D:6      | XOM: smoke on damage
  2086 | D:6      | XOM: torment (24/61 hp)
  2150 | D:6      | XOM: god gift: scroll of amnesia
  2218 | D:5      | Reached skill level 8 in Axes
  2355 | D:5      | XOM: harmless Tloc miscast
  2409 | D:5      | You fall through a shaft for 3 floors!
  2463 | D:8      | Noticed a hornet
  2473 | D:8      | Killed a hornet
  2473 | D:8      | Reached XP level 8. HP: 70/70 MP: 10/10
  2532 | D:8      | Noticed a troll
  2536 | D:8      | XOM: noise
  2541 | D:8      | Killed a troll
  2541 | D:8      | Reached skill level 9 in Axes
  2887 | D:9      | Found a glowing golden altar of the Shining One.
  2890 | D:9      | Found a snail-covered altar of Cheibriados.
  2908 | D:9      | XOM: god gift: 55 gold pieces
  2923 | D:9      | XOM: noise
  2931 | D:9      | XOM: divination: detect creatures
  2945 | D:9      | Reached skill level 10 in Axes
  3140 | D:9      | XOM: confusion (+ monsters)
  3169 | D:9      | Noticed a yak
  3183 | D:9      | XOM: divination: detect creatures
  3198 | D:9      | Killed a yak
  3198 | D:9      | Reached XP level 9. HP: 51/79 MP: 10/12
  3229 | D:9      | XOM: cloud trail
  3230 | D:9      | Found a hide-covered altar of Uskayaw.
  3234 | D:9      | Found an ornate altar of the Wu Jian Council.
  3234 | D:9      | Found a stormy altar of Qazlal.
  3261 | D:10     | Entered Level 10 of the Dungeon
  3308 | D:10     | Reached skill level 11 in Axes
  3347 | D:10     | Got a fine helmet
  3356 | D:10     | Identified the +2 helmet of Himmief {MR+ rCorr} (You found it on level 10 of the Dungeon)
  3382 | D:10     | Reached skill level 5 in Evocations
  3575 | D:10     | XOM: divination: magic mapping
  3583 | D:10     | Noticed a hornet
  3601 | D:10     | XOM: potion effect (might)
  3615 | D:10     | Killed a hornet
  3625 | D:10     | Got a smoking shield
  3722 | D:10     | Reached skill level 12 in Axes
  3832 | D:10     | XOM: cast spell 'Summon Small Mammal'
  3887 | D:11     | Found a staircase to the Orcish Mines.
  3928 | D:11     | Reached XP level 10. HP: 57/90 MP: 11/14
  3952 | D:12     | Noticed a gargoyle
  3959 | D:11     | XOM: confuse monster(s)
  4041 | D:11     | Gained mutation: You are frail. (-10% HP) [mutagenic meat]
  4042 | D:11     | Gained mutation: You are clumsy. (Dex -2) [mutagenic meat]
  4043 | D:11     | Gained mutation: You have a pair of small antennae on your head. [mutagenic meat]
  4044 | D:11     | Gained mutation: You are occasionally teleported next to monsters. [mutagenic meat]
  4045 | D:11     | Lost mutation: You are occasionally teleported next to monsters. [potion of mutation]
  4045 | D:11     | Lost mutation: You are clumsy. (Dex -2) [potion of mutation]
  4045 | D:11     | Lost mutation: You are frail. (-10% HP) [potion of mutation]
  4045 | D:11     | Lost mutation: You have a pair of small antennae on your head. [potion of mutation]
  4045 | D:11     | Gained mutation: Your flesh is heat resistant. (rF+) [potion of mutation]
  4045 | D:11     | Gained mutation: Your movements are slightly less encumbered by armour. (ER -2) [potion of mutation]
  4045 | D:11     | Gained mutation: You have an increased reservoir of magic. (+10% MP) [potion of mutation]
  4056 | D:11     | Identified the +3 shield of Listlessness {-Tele rF+ rCorr Dex+5} (You took it off an orc on level 10 of the Dungeon)
  4072 | D:11     | XOM: enchant monster (good)
  4098 | D:11     | XOM: 1-stop teleportation journey
  4104 | D:11     | XOM: swap monsters
  4124 | D:11     | XOM: mild Tloc miscast
  4137 | D:11     | Killed an unseen horror
  4137 | D:11     | Reached skill level 13 in Axes
  4305 | D:11     | XOM: mild Air miscast
  4309 | D:11     | Noticed a cyclops
  4331 | D:11     | XOM: enchant monster (bad)
  4352 | D:11     | XOM: divination: detect creatures
  4355 | D:11     | XOM: noise
  4359 | D:11     | XOM: destruction
  4372 | D:11     | Killed a cyclops
  4478 | D:11     | XOM: summons 2 hostile demons
  4493 | D:11     | XOM: give mutation
  4493 | D:11     | Gained mutation: Your flesh is cold resistant. (rC+) [Xom's grace]
  4716 | D:11     | Found a staircase to the Lair.
  4733 | D:11     | Found Gyduif's Gadget Boutique.
  4761 | D:11     | Noticed a two-headed ogre
  4761 | D:11     | XOM: confuse monster(s)
  4838 | D:11     | Killed a two-headed ogre
  4838 | D:11     | Reached skill level 14 in Axes
  4856 | D:11     | XOM: cleaving
  4861 | D:11     | XOM: polymorph orc priest -> iguana
  4950 | D:11     | XOM: summons friendly quasit
  5271 | D:12     | XOM: give mutation
  5271 | D:12     | Gained mutation: Your mind is acute. (Int +2) [Xom's grace]
  5358 | D:12     | Reached skill level 10 in Fighting
  5379 | D:12     | XOM: confuse monster(s)
  5474 | D:12     | Noticed Multipenetrator's ghost (journeyman GrGl)
  5476 | D:12     | XOM: snakes to sticks
  5488 | D:13     | Reached XP level 11. HP: 84/99 MP: 15/18
  5507 | D:13     | Noticed a four-headed hydra
  5515 | D:12     | XOM: blink monster(s)
  5521 | D:12     | XOM: enchant monster (good)
  5543 | D:13     | Noticed Sonja
  5545 | D:13     | Noticed a two-headed ogre
  5548 | D:13     | Killed an unseen horror
  5549 | D:13     | Reached skill level 15 in Axes
  5563 | D:13     | Noticed Erolcha
  5563 | D:13     | Noticed a two-headed ogre
  5568 | D:13     | Killed a two-headed ogre
  5570 | D:13     | Killed Erolcha
  5693 | D:13     | XOM: harmless Summ miscast
  5834 | D:12     | Noticed a red ugly thing
  5842 | D:12     | Killed a red ugly thing
  5893 | D:12     | Noticed Nergalle
  5902 | D:12     | Killed Nergalle
  5939 | D:12     | Killed Multipenetrator's ghost
  6035 | D:13     | XOM: cast spell 'Statue Form'
  6036 | D:13     | XOM: cleaving
  6038 | D:13     | XOM: confuse monster(s)
  6041 | D:13     | XOM: confuse monster(s)
  6044 | D:13     | Killed a two-headed ogre
  6044 | D:13     | Reached skill level 16 in Axes
  6075 | D:13     | Noticed a death yak
  6076 | D:13     | Killed an 11-headed hydra
  6079 | D:13     | Reached XP level 12. HP: 110/110 MP: 15/20
  6082 | D:13     | Noticed a two-headed ogre
  6088 | D:13     | Killed a death yak
  6089 | D:13     | XOM: fog
  6091 | D:13     | Killed a two-headed ogre
  6123 | D:13     | Killed Sonja
  6138 | D:13     | XOM: fog
  6139 | D:13     | XOM: 1-stop teleportation journey
  6146 | D:13     | XOM: give mutations
  6146 | D:13     | Lost mutation: Your flesh is heat resistant. (rF+) [Xom's mischief]
  6146 | D:13     | Lost mutation: Your mind is acute. (Int +2) [Xom's mischief]
  6146 | D:13     | Gained mutation: You evolve. [Xom's mischief]
  6146 | D:13     | Gained mutation: You have sharp toenails. [Xom's mischief]
  6302 | D:13     | Found Vieck's Weapon Shop.
  6334 | D:13     | XOM: summons 6 hostile demons
  6358 | D:13     | XOM: chaos cloud
  6436 | D:13     | XOM: summons 4 hostile shadow creatures
  6437 | D:13     | Noticed a two-headed ogre
  6440 | D:13     | XOM: smoke on damage
  6570 | D:13     | XOM: scenery: create altars
  6572 | D:13     | Noticed a death knight
  6582 | D:14     | XOM: summons friendly crimson imp
  6585 | D:14     | Reached skill level 17 in Axes
  6819 | D:14     | Noticed a two-headed ogre
  6820 | D:14     | Noticed a two-headed ogre
  6821 | D:14     | Noticed a two-headed ogre
  6821 | D:14     | Noticed a two-headed ogre
  6821 | D:14     | Noticed an ogre mage
  6821 | D:14     | Noticed a two-headed ogre
  6834 | D:14     | Killed an ogre mage
  6835 | D:14     | Killed a two-headed ogre
  6887 | D:15     | Entered Level 15 of the Dungeon
  6887 | D:15     | XOM: 3-stop teleportation journey
  6896 | D:15     | XOM: 2-stop teleportation journey
  6897 | D:15     | (
  6920 | D:15     | XOM: enchant monster (good)
  6925 | D:15     | XOM: potion effect (brilliance)
  6927 | D:15     | XOM: destruction
  6928 | D:15     | Killed a two-headed ogre
  6928 | D:15     | Reached skill level 5 in Armour
  6934 | D:15     | XOM: polymorph yaktaur -> fire crab
  6965 | D:15     | XOM: summons friendly iron imp
  6975 | D:15     | XOM: confusion (+ monsters)
  6987 | D:15     | XOM: confusion (+ monsters)
  6995 | D:15     | XOM: 1-stop teleportation journey
  6997 | D:15     | XOM: harmless Tmut miscast
  7109 | D:15     | XOM: summons 3 hostile shadow creatures
  7120 | D:15     | Reached skill level 18 in Axes
  7315 | D:15     | XOM: polymorph red ugly thing -> something unseen
  7334 | D:15     | Killed a ghost moth
  7334 | D:15     | Reached XP level 13. HP: 16/119 MP: 0/21
  7335 | D:15     | HP: 4/119 [poisoned by a ghost moth]
  7336 | D:15     | Succumbed to a ghost moth's poison

Vault maps used:
D:1:      dpeg_arrival_ratfight
D:2:      grunt_temple_overflow_order_and_chaos_1, first_bread,
          kennysheep_okawaru_gauntlet, uniq_crazy_yiuf_cottage, uniq_terence,
          uniq_sigmund, uniq_robin
D:3:      gup_sewer_entry_pipe, grunt_ministairs_9
D:4:      nicolae_dithmenos_the_darkroom, lemuel_temple_firewalk_a, uniq_natasha
D:5:      serial_shops, nicolae_shop_trees, lemuel_flame_loot_1, uniq_eustachio
D:6:      uniq_menkaure, uniq_blork_the_orc
D:7:      grunt_ogre_cave, eino_curves_02, grunt_ministairs_2
D:8:      uniq_psyche
D:9:      grunt_temple_overflow_open, lemuel_doored_altar,
          nicolae_island_escapes, uniq_joseph
D:11:     lair_entry_dummy, hiddenorc2_lemuel, serial_shops, shop_fountains,
          uniq_grum, uniq_erica
D:12:     uniq_nergalle
D:13:     erik_vaults_1, serial_shops, shop, serial_ice, serial_ice_j,
          serial_ice_h, serial_ice_a, serial_ice_c,
          nemelex_diamond_rough_becter, uniq_sonja, uniq_josephine, uniq_erolcha
D:14:     minmay_the_grid_3x3, minmay_holes
D:15:     grunt_enter_depths_snipers, minmay_misc_feat_ornament,
          minmay_misc_feat_diagonals, minmay_joined_circles
Sewer:    sewer_frog_island_01

Skill      XL: |  1  2  3  4  5  6  7  8  9 10 11 12 |
---------------+-------------------------------------+-----
Axes           | 3 4 5 6 8 10 12 14 16 18 | 18.2
Fighting       | 3 4 5 7 8 10 11 12 | 12.7
Dodging        | 2 3 |  3.0
Evocations     | 1 3 4 5 7 8 |  8.6
Armour         | 2 6 |  6.3
Throwing       | |  0.8
Spellcasting   | |  1.5
Translocations | |  2.4

Action                   |  1- 3 |  4- 6 |  7- 9 | 10-12 | 13-15 || total
-------------------------+-------+-------+-------+-------+-------++-------
Melee: Hand axe          |   120 |   221 |   288 |   543 |       ||  1172
       Kick              |       |       |       |     1 |       ||     1
Throw: Tomahawk          |       |     3 |       |       |       ||     3
Evoke: Wand              |       |     3 |     9 |     7 |       ||    19
  Use: Scroll            |       |    10 |    10 |     9 |       ||    29
       Potion            |       |     3 |     4 |    10 |     1 ||    18
 Stab: Paralysed         |       |    13 |    17 |       |       ||    30
       Confused          |       |       |       |     1 |       ||     1
  Eat: Chunk             |       |     4 |     4 |    10 |       ||    18
       Royal jelly       |       |       |     1 |       |       ||     1
       Fruit             |       |       |     1 |       |       ||     1
       Meat ration       |       |       |       |     2 |       ||     2
Armor: Leather armour    |    13 |       |       |       |       ||    13
       Chain mail        |    51 |   133 |   149 |   308 |       ||   641
       Skin              |       |       |       |    66 |       ||    66
Dodge: Dodged            |    40 |    80 |    85 |   194 |       ||   399
